 Dungeon Crawl Stone Soup version 0.18.1-8-gdd0e5ea (webtiles) character file.

76 Dobrokot2 the Chucker (level 4, 0/29 HPs)
             Began as a High Elf Hunter on June 1, 2016.
             Slain by Leafly's ghost (15 damage)
             ... on level 3 of the Dungeon.
             The game lasted 00:12:22 (2284 turns).

Dobrokot2 the Chucker (High Elf Hunter)             Turns: 2284, Time: 00:12:22

Health: 0/29       AC:  4    Str: 11    XL:     4   Next: 12%
Magic:  5/5        EV: 13    Int: 14    God:
Gold:   97         SH:  0    Dex: 17    Spells: 0 memorised, 3 levels left

rFire  . . .     SeeInvis .     a - +0 short sword
rCold  . . .     Gourm    .     b - +1 leather armour
rNeg   . . .     Faith    .     (no shield)
rPois  +         Spirit   .     (no helmet)
rElec  .         Dismiss  .     (no cloak)
rCorr  .         Reflect  .     (no gloves)
SustAt .         Harm     .     (no boots)
MR     .....                    (no amulet)
Stlth  ++........               (no ring)
                                o - ring of poison resistance

@: not resistant to hostile enchantments, unstealthy
A: no striking features
a: no special abilities


You were on level 3 of the Dungeon.
You were not hungry.

You visited 1 branch of the dungeon, and saw 3 of its levels.

You collected 97 gold pieces.

Inventory:

Hand Weapons
 a - a +0 short sword (weapon)
 m - a +0 mace
Armour
 b - a +1 leather armour (worn)
 i - a +0 chain mail
 j - a +0 ring mail
 q - a +0 cloak
 t - a +0 helmet
Jewellery
 o - a ring of poison resistance (left hand)
 u - an uncursed amulet of guardian spirit {unknown}
Scrolls
 n - 2 scrolls of immolation
Potions
 e - a potion of invisibility {unknown}
 g - a potion of might {unknown}
 h - a potion of curing {unknown}
 k - 2 potions of haste {unknown}
 l - a potion of degeneration {unknown}
 s - a potion of flight {unknown}
Comestibles
 f - 2 bread rations
 p - a meat ration
 r - a beef jerky
 v - a slice of pizza
 w - a royal jelly


   Skills:
 + Level 2.2 Fighting
 + Level 0.2 Short Blades
 + Level 4.9 Throwing
 + Level 0.6 Armour
 + Level 2.8 Dodging
 + Level 1.9 Stealth


You had 3 spell levels left.
You didn't know any spells.

Dungeon Overview and Level Annotations

Branches:
Dungeon (3/15)

Altars:
Ru
Sif Muna

Annotations:
D:3 Leafly's ghost, amateur FoFi


Message History

The bat hits you but does no damage.
You hit the bat.
The bat is severely wounded.
The bat hits you. The bat barely misses you. Leafly's ghost hits you!
The bat closely misses you. The bat closely misses you.
The bat barely misses you. The bat barely misses you.
The bat closely misses you.
Leafly's ghost says, "You can hit me, but you can't hurt me."
The bat hits you but does no damage. The bat closely misses you.
The bat barely misses you. The bat closely misses you. The bat misses you.
The bat hits you but does no damage. The bat hits you.
The bat closely misses you. The bat closely misses you.
Leafly's ghost hits you!
Ouch! That really hurt!
You die...

########## #........# #
#.....)..# g. #......@.#
##.###....bW..############
..............'.......>..#
.#.##.........#####.##.#.#
#...................#.#.#
####.........########.#.#
#............# #.#.####
#.##...##.#### #.#..... #
#....<#.# #.######


You could see Leafly's ghost and a bat.

Vanquished Creatures
  2 adders (D:2)
  2 oozes (D:2)
  A worm (D:2)
  A dart slug (D:1)
  A giant gecko (D:1)
  7 bats
  2 giant cockroaches
  6 goblins
  6 hobgoblins
  2 jackals (D:1)
  2 giant newts
  6 kobolds
  5 rats
43 creatures vanquished.

Notes
Turn   | Place    | Note
--------------------------------------------------------------
     0 | D:1      | Dobrokot2 the High Elf Hunter began the quest for the Orb.
     0 | D:1      | Reached XP level 1. HP: 14/14 MP: 2/2
   293 | D:1      | Reached XP level 2. HP: 16/19 MP: 3/3
   854 | D:1      | Reached XP level 3. HP: 20/24 MP: 4/4
  1393 | D:2      | Reached XP level 4. HP: 10/29 MP: 5/5
  2122 | D:3      | Found a deep blue altar of Sif Muna.
  2122 | D:3      | Found a sacrificial altar of Ru.
  2268 | D:3      | Noticed Leafly's ghost (amateur FoFi)
  2284 | D:3      | Slain by Leafly's ghost

Action                   |  1- 3 |  4- 6 || total
-------------------------+-------+-------++-------
Melee: Short sword       |    70 |    25 ||    95
Throw: Javelin           |    32 |     9 ||    41
       Throwing net      |     1 |     2 ||     3
  Use: Scroll            |     6 |       ||     6
  Eat: Bread ration      |     1 |       ||     1
Armor: Leather armour    |    29 |    19 ||    48
Dodge: Dodged            |    64 |    55 ||   119
